 Dungeon Crawl Stone Soup version 0.26-a0-812-g31a745ddcd (webtiles) character file.

Game seed: 17474271151935574001

230 Lanoc the Digger (level 6, -5/28 HPs)
             Began as a Vine Stalker Earth Elementalist on Dec 4, 2020.
             Was a Follower of Ashenzari.
             Slain by a wraith (9 damage)
             ... in an ossuary.
             The game lasted 00:05:58 (3818 turns).

Lanoc the Digger (Vine Stalker Earth Elementalist)  Turns: 3818, Time: 00:05:59

Health: -5/28      AC:  2    Str: 11    XL:     6   Next: 3%
Magic:  0/10       EV: 13    Int: 17    God:    Ashenzari [*.....]
Gold:   137        SH:  0    Dex: 14    Spells: 1/9 levels left

rFire    + . .     SeeInvis .   (no weapon)
rCold    + . .     Faith    +   (no shield)
rNeg     . . .     Spirit   +   c - +0 robe
rPois    +         Reflect  .   (no helmet)
rElec    +         Harm     .   (no cloak)
rCorr    +         Rampage  .   (no gloves)
MR       .....                  (no boots)
Stlth    ++........             e - amulet of faith (curse)
HPRegen  0.49/turn              (no ring)
MPRegen  0.12/turn              (no ring)

@: brilliant, resistant, attractive, slowed, very slow
A: fangs 2, regeneration 1, magic shield, antimagic bite, no potion heal 3, rot
immunity
a: Curse Item, Scrying, Renounce Religion


You were in an ossuary.
You worshipped Ashenzari.
Ashenzari was aware of your devotion.
You visited 1 branch of the dungeon, and saw 4 of its levels.
You also visited: Ossuary.

You collected 137 gold pieces.

Inventory:

Missiles
 b - 22 stones (quivered)
Armour
 c - a +0 robe (worn)
 u - a +0 buckler
Jewellery
 e - a cursed amulet of faith (around neck)
Wands
 q - a wand of random effects (10)
Scrolls
 h - 4 scrolls of teleportation {unknown}
 j - 3 scrolls of identify
 k - a scroll of blinking {unknown}
 l - 3 scrolls of remove curse
 p - 2 scrolls of enchant armour {unknown}
 s - a scroll of immolation {unknown}
 v - a scroll of fog {unknown}
 x - 2 scrolls of fear {unknown}
Potions
 d - 2 potions of curing
 f - a potion of heal wounds
 g - 2 potions of cancellation
 i - a potion of resistance
 o - 3 potions of might
 r - a potion of lignification {unknown}
 t - a potion of degeneration {unknown}
 w - a potion of flight {unknown}


   Skills:
 + Level 3.1 Dodging
 - Level 2.4 Stealth
 - Level 2.1 Spellcasting
 - Level 1.0 Transmutations
 * Level 5.6 Earth Magic


You had one spell level left.
You knew the following spells:

 Your Spells              Type           Power        Failure   Level
a - Sandblast             Erth           ####..       1%          1
b - Passwall              Tmut/Erth      ###.....     8%          2
c - Lee's Rapid Deconstr  Erth           ####......   45%         5

Your spell library contained the following spells:

 Spells                   Type           Power        Failure   Level
 Stone Arrow              Conj/Erth      ###...       19%         3
 Petrify                  Tmut/Erth      ###.....     43%         4


Dungeon Overview and Level Annotations

Branches:
Dungeon (4/15)            Ossuary (1/1)
 Temple: D:4-7

Altars:
Ashenzari
Cheibriados
Qazlal
Vehumet


Innate Abilities, Weirdness & Mutations

You have extremely sharp teeth.
Your natural rate of healing is unusually fast.
When hurt, damage is shared between your health and your magic reserves.
Your bite disrupts and absorbs the magic of your enemies.
Potions cannot restore your health.
You are immune to rotting.


Message History

The wraith barely misses you.
It was a potion of brilliance.
You feel clever all of a sudden. The wraith hits you!
It was a potion of attraction.
You feel attractive to monsters. The wraith hits you!
* * * LOW HITPOINT WARNING * * *
The wraith drains your vigour!
You feel as though you will be slow longer.
The kobold skeleton hits you.
* * * LOW HITPOINT WARNING * * *
The wraith completely misses you.
As you read the scroll labelled YVUCWO BIARO, it crumbles to dust.
It is a scroll of identify.
o - 3 potions of might The kobold skeleton hits you.
* * * LOW HITPOINT WARNING * * *
The wraith hits you!
You die...

#....#...##.?...##...#....#
#...Z##...##...##...##Z...#
#.....##.Z.#####...## ....#
#......##.........##. ...Z#
#.......#####'#####.. ....#
#.∩.....Z..Z......... ..∩.#
#.......Z..ZZ........ .Z.Z#
############WZ'######
####@..#### #..'...'..#
#..#...#..# ####...####
#...# #...# #...# #...#
#...#


You could see a wraith, a gnoll skeleton, 2 kobold skeletons and an orc
skeleton.

Vanquished Creatures
  A bullfrog (D:3)
  A mummy (Ossuary)
  4 gnolls (D:2)
  3 adders
  6 worms
  A dart slug (D:1)
  2 orcs (D:3)
  A giant cockroach (D:2)
  5 goblins
  5 hobgoblins
  3 jackals (D:2)
  8 kobolds
  8 bats
  6 frilled lizards
  4 gnoll skeletons (Ossuary)
  4 kobold skeletons (Ossuary)
  7 orc skeletons (Ossuary)
  12 rats
81 creatures vanquished.

Notes
Turn   | Place    | Note
-------+----------+-------------------------------------------
     0 | D:1      | Lanoc the Vine Stalker Earth Elementalist began the quest
                  | for the Orb.
     0 | D:1      | Reached XP level 1. HP: 9/9 MP: 4/4
   519 | D:1      | Reached XP level 2. HP: 13/13 MP: 1/6
   581 | D:1      | Learned a level 2 spell: Passwall
  1234 | D:2      | Reached XP level 3. HP: 11/16 MP: 1/7
  1510 | D:2      | Reached skill level 4 in Earth Magic
  1648 | D:2      | Gained mutation: Your natural rate of healing is unusually
                  | fast. [Vine Stalker growth]
  1648 | D:2      | Reached XP level 4. HP: 20/21 MP: 0/8
  2393 | D:2      | Found a radiant altar of Vehumet.
  2613 | D:3      | Noticed a bullfrog
  2624 | D:3      | Killed a bullfrog
  2624 | D:3      | Reached skill level 5 in Earth Magic
  2624 | D:3      | Reached XP level 5. HP: 14/24 MP: 0/9
  2832 | D:3      | Found a snail-covered altar of Cheibriados.
  3013 | D:3      | Found a faded altar of an unknown god.
  3019 | D:3      | Found a stormy altar of Qazlal.
  3047 | D:3      | Became a worshipper of Ashenzari the Shackled
  3047 | D:3      | Reached * piety under Ashenzari
  3531 | D:4      | Found a sand-covered staircase.
  3540 | Ossuary  | Entered an ossuary
  3540 | Ossuary  | Noticed a wraith
  3540 | Ossuary  | Noticed a wraith
  3540 | Ossuary  | Noticed a wraith
  3564 | Ossuary  | Learned a level 5 spell: Lee's Rapid Deconstruction
  3640 | Ossuary  | Reached XP level 6. HP: 28/28 MP: 2/10
  3743 | Ossuary  | Noticed a wraith
  3818 | Ossuary  | Slain by a wraith

Illustrated notes

Levels and vault maps discovered:
D:1:      sevenhm_arrival_forest_fort_large_4, layout_loops_ring, serial_glass,
          glass_columns_b, glass_columns_a
D:2:      minmay_inner_zag, layout_basic, lemuel_coloured_pillars_altar,
          st_stairs_8, minmay_tall_x
D:3:      layout_basic, grunt_temple_overflow_open,
          chequers_ecumenical_altar_simple, st_stairs_12
D:4:      layout_rooms, chequers_ossuary_entry_cave, minmay_between
Ossuary:  ossuary_due_mausoleum

Skill      XL: |  1  2  3  4  5 |
---------------+----------------+-----
Dodging        | 2 3 |  3.1
Earth Magic    | 4 5 |  5.6
Stealth        | |  2.4
Spellcasting   | |  2.1
Transmutations | |  1.0

Action                   |  1- 3 |  4- 6 || total
-------------------------+-------+-------++-------
Melee: Unarmed           |    16 |    13 ||    29
       Bite              |     2 |     3 ||     5
 Cast: Sandblast         |    39 |    94 ||   133
Invok: Curse Item        |       |     1 ||     1
  Use: Potion            |       |     7 ||     7
       Scroll            |       |     1 ||     1
 Stab: Sleeping          |       |     1 ||     1
Armor: Robe              |     1 |     6 ||     7
Dodge: Dodged            |    17 |    35 ||    52

Table legend: (Time is in decaauts)
 A = Elapsed time spent in this place.
 B = Non-inter-level travel time spent in this place.
 C = Inter-level travel time spent in this place.
 D = Time resting spent in this place.
 E = Time spent auto-exploring this place.
 F = Levels seen in this place.
 G = Mean time per level.
                   A        B        C        D        E       F      G
               +--------+--------+--------+--------+--------+-----+--------+
         Total |   3813 |   3725 |     88 |     66 |   3104 |   5 |  762.6 |
       Dungeon |   3539 |   3451 |     88 |      0 |   3028 |   4 |  884.8 |
       Ossuary |    274 |    274 |      0 |     66 |     76 |   1 |  274.0 |
               +--------+--------+--------+--------+--------+-----+--------+

Top non-repeatable levels by time:
     D:2: 1308 daAuts
     D:1: 1228 daAuts
     D:3: 976 daAuts
 Ossuary: 274 daAuts
     D:4: 25 daAuts
